 Dungeon Crawl Stone Soup version 0.31-a0-844-gdc52ec4e09 (webtiles) character file.

Game seed: 4773539377387147156

1647 pop123321pop the Fighter (level 8, -7/79 HPs)
             Began as a Minotaur Berserker on Oct 1, 2023.
             Was a Priest of Trog.
             Killed from afar by a steam dragon (12 damage)
             ... with a ball of steam
             ... on level 6 of the Dungeon.
             The game lasted 00:08:06 (6810 turns).

pop123321pop the Fighter (Minotaur Berserker)       Turns: 6810, Time: 00:08:08

Health: -7/79      AC: 12    Str: 21    XL:     8   Next: 67%
Magic:  7/7        EV:  3    Int:  4    God:    Trog [***...]
Gold:   333        SH: 16    Dex: 13    Spells: 7/7 levels left

rFire   . . .        B - +0 whip (vamp)
rCold   . . .        q - +0 tower shield
rNeg    . . .        v - +0 plate armour
rPois   .            (helmet restricted)
rElec   .            (no cloak)
rCorr   .            p - +0 pair of gloves
SInv    .            (no boots)
Will    .....        c - amulet of reflection Stlth
                     (no ring)
HPRegen 0.33/turn    (no ring)
MPRegen 0.10/turn

%: reflection
@: brilliant, on berserk cooldown, slowed, very slow
A: horns 2, retaliatory headbutt
a: Renounce Religion, Berserk, Trog's Hand


You were on level 6 of the Dungeon.
You worshipped Trog.
Trog was most pleased with you.
You visited 1 branch of the dungeon, and saw 6 of its levels.

You collected 333 gold pieces.

Inventory:

Hand Weapons
 B - a +0 vampiric whip (weapon)
Missiles
 b - a throwing net
Armour
 p - a +0 pair of gloves (worn)
 q - a +0 tower shield (worn)
 v - a +0 plate armour (worn)
Jewellery
 c - an amulet of reflection (around neck)
 t - a ring of protection from fire
Scrolls
 i - a scroll of fog
 j - 3 scrolls of blinking
 n - a scroll of poison
 u - 2 scrolls of noise
 y - a scroll of amnesia
Potions
 a - 2 potions of curing
 d - a potion of mutation {unknown}
 e - a potion of ambrosia {unknown}
 g - a potion of invisibility {unknown}
 h - a potion of cancellation
 l - a potion of degeneration {unknown}
 o - a potion of brilliance
 r - 2 potions of heal wounds {unknown}
 s - a potion of attraction
 z - a potion of haste {unknown}
 A - a potion of magic {unknown}


   Skills:
 * Level 10.1 Fighting
 - Level 10.0 Maces & Flails
 - Level 2.4 Armour
 - Level 2.1 Dodging


You had 7 spell levels left.
You didn't know any spells.
Your spell library was empty.

Dungeon Overview and Level Annotations

Branches:
Dungeon (6/15)
 Temple: D:4-7

Altars:
Dithmenos
Fedhas
Nemelex Xobeh
Okawaru
Sif Muna

Shops:
D:2 :


Innate Abilities, Weirdness & Mutations

You have a pair of horns on your head.
You reflexively headbutt those who attack you in melee.


Message History

You hit the steam dragon.
You feel better.
Your headbutt misses the steam dragon.
The steam dragon is heavily wounded.
The steam dragon bites you.
The steam dragon claws you but does no damage.
Unknown command.
You closely miss the steam dragon. Your headbutt misses the steam dragon.
The steam dragon is heavily wounded.
The orc throws a stone.
The stone hits you but does no damage.
You block the steam dragon's attack. x2; The steam dragon bites you.
You block the steam dragon's attack.
You hit the steam dragon.
You feel better.
You headbutt the steam dragon.
The steam dragon is severely wounded.
The steam dragon breathes steam at you. The ball of steam hits you!
You hear a shout!
You barely miss the steam dragon. Your headbutt misses the steam dragon.
The steam dragon is severely wounded.
You are engulfed in a cloud of scalding steam.
You block the steam dragon's attack. The steam dragon claws you.
The steam dragon bites you!
* * * LOW HITPOINT WARNING * * *
You block the steam dragon's attack.
You hit the steam dragon.
You feel better.
The steam dragon is severely wounded.
The steam dragon breathes steam at you. The ball of steam hits you!
* * * LOW HITPOINT WARNING * * *
A bullfrog comes into view.
Unknown command.
Okay, then.
You're still recovering from your berserk rage.
It was a potion of brilliance.
You feel clever all of a sudden.
You are engulfed in a cloud of scalding steam.
* * * LOW HITPOINT WARNING * * *
You block the steam dragon's attack. x2
The steam dragon breathes steam at you. The ball of steam hits you!
You die...

####...#...........
####.#.#.###.####
#...............
...####'#######'# #
#.##...##.# .
#..##'##..# #
#....#....# .#
#..##....§§.##..#
#...'..§§)..@D.$#
#..##....§..##..#
#. #....#....# .#
#...........# #
..........?....
######.!.F.######
.'#...#' ..##.##$!


You could see a steam dragon (catching breath) and a bullfrog.

Vanquished Creatures
  Sigmund (D:5)
  A steam dragon (D:6)
  2 black bears
  An orc warrior (D:6)
  3 ogres
  A phantom (D:4)
  2 scorpions
  A howler monkey (D:4)
  A jelly (D:6)
  An orc priest (D:5)
  4 iguanas
  2 sleepcaps
  3 orc wizards (D:5)
  12 gnolls
  6 adders
  A shadow imp (D:6)
  A white imp (D:5)
  A dart slug (D:3)
  11 orcs
  6 ball pythons
  4 bats (D:2)
  5 endoplasms
  3 giant cockroaches
  14 goblins
  4 hobgoblins
  13 jackals
  5 quokkas
  4 frilled lizards (D:2)
  12 kobolds
  12 rats
137 creatures vanquished.

Vanquished Creatures (others)
  An orc (D:6)
1 creature vanquished.

Grand Total: 138 creatures vanquished

Notes
Turn   | Place    | Note
-------+----------+-------------------------------------------
     0 | D:1      | pop123321pop the Minotaur Berserker began the quest for the
                  | Orb.
     0 | D:1      | Reached XP level 1. HP: 19/19 MP: 0/0
   367 | D:1      | Reached XP level 2. HP: 25/26 MP: 1/1
   586 | D:1      | Reached skill level 5 in Maces & Flails
   608 | D:1      | Reached XP level 3. HP: 31/31 MP: 2/2
  1194 | D:2      | Reached ** piety under Trog
  1220 | D:2      | Found Jempofyst's Book Boutique.
  1371 | D:2      | Reached XP level 4. HP: 13/39 MP: 3/3
  1655 | D:2      | Found a sparkling altar of Nemelex Xobeh.
  1993 | D:3      | Noticed a black bear
  2022 | D:2      | HP: 1/39 [frozen (5)]
  2351 | D:2      | Killed a black bear
  2352 | D:2      | Reached XP level 5. HP: 45/45 MP: 4/4
  2784 | D:3      | Reached XP level 6. HP: 51/51 MP: 5/5
  3643 | D:4      | Reached *** piety under Trog
  3772 | D:4      | Reached XP level 7. HP: 52/57 MP: 6/6
  4325 | D:4      | Reached skill level 10 in Maces & Flails
  4490 | D:5      | Entered Level 5 of the Dungeon
  4550 | D:5      | Reached skill level 5 in Fighting
  5794 | D:5      | Found a large runed translucent door.
  5810 | D:5      | Found a large runed translucent door.
  5810 | D:5      | Noticed Sigmund
  5840 | D:5      | Reached XP level 8. HP: 65/73 MP: 7/7
  5870 | D:5      | Found an iron altar of Okawaru.
  6125 | D:5      | Found a shadowy altar of Dithmenos.
  6139 | D:5      | Found a shimmering blue altar of Sif Muna.
  6156 | D:5      | Killed Sigmund
  6586 | D:6      | Found a blossoming altar of Fedhas.
  6802 | D:6      | Reached skill level 10 in Fighting
  6810 | D:6      | Killed from afar by a steam dragon

Illustrated notes

Levels and vault maps discovered:
D:1:      dpeg_arrival_connections, layout_basic,
          chequers_serial_rivers_small_b, nrook_mini_backslash,
          minmay_pentomino_u4
D:2:      layout_basic, serial_shops, shop, basic_altar
D:3:      minmay_spotlight, layout_basic, grunt_decor_resistance,
          grunt_decor_mini_mirrors, minmay_guardbox
D:4:      layout_cave_pools, serial_park_tiny_pond, dreamdust_princess_bridge,
          kennysheep_potato
D:5:      layout_loops_ring, lemuel_coloured_pillars_altar,
          jmf_multi_god_temple2, water_boxes_lemuel, uniq_sigmund
D:6:      layout_loops_ring, mainiacjoe_overflow_six_doors_small,
          minmay_misc_feat_four_crosses, minmay_misc_feat_nine_boxes,
          minmay_pentangle

Skill      XL: |  1  2  3  4  5  6  7  8 |
---------------+-------------------------+-----
Maces & Flails | 4 5 6 7 8 9 10 | 10.0
Fighting       | 7 10 | 10.1
Armour         | |  2.4
Dodging        | |  2.1

Action                     |  1- 3 |  4- 6 |  7- 9 || total
---------------------------+-------+-------+-------++-------
  Melee: Mace              |    68 |    93 |       ||   161
         Headbutt          |     6 |    21 |    41 ||    68
         Whip              |       |    57 |   210 ||   267
 Invoke: Berserk           |     2 |     4 |     3 ||     9
    Use: Potion            |       |     2 |     1 ||     3
         Scroll            |       |       |    10 ||    10
 Armour: Animal skin       |    43 |    15 |       ||    58
         Chain mail        |       |   143 |    22 ||   165
         Plate armour      |       |       |   117 ||   117
  Dodge: Dodged            |    60 |    39 |    18 ||   117
  Block: Tower shield      |       |   116 |   130 ||   246
         Reflection        |       |       |     2 ||     2

Table legend: (Time is in decaauts)
 A = Elapsed time spent in this place.
 B = Non-inter-level travel time spent in this place.
 C = Inter-level travel time spent in this place.
 D = Time resting spent in this place.
 E = Time spent auto-exploring this place.
 F = Levels seen in this place.
 G = Mean time per level.
                   A        B        C        D        E       F      G
               +--------+--------+--------+--------+--------+-----+--------+
         Total |   6895 |   6556 |    339 |   2146 |   3400 |   6 | 1149.2 |
       Dungeon |   6895 |   6556 |    339 |   2146 |   3400 |   6 | 1149.2 |
               +--------+--------+--------+--------+--------+-----+--------+

Top non-repeatable levels by time:
     D:5: 1692 daAuts
     D:1: 1328 daAuts
     D:2: 1215 daAuts
     D:3: 1044 daAuts
     D:4: 1022 daAuts
     D:6: 592 daAuts
